 Dungeon Crawl Stone Soup version 0.24.0-13-gcf9b319 (webtiles) character file.

Game seed: 8665486493655089900, levelgen mode: deterministic

1337 Fang the Skirmisher (level 8, -2/52 HPs)
             Began as a Gargoyle Berserker on Nov 18, 2019.
             Was a Priest of Trog.
             Killed from afar by an orc wizard (5 damage)
             ... with a puff of frost
             ... on level 6 of the Dungeon.
             The game lasted 00:05:03 (4402 turns).

Fang the Skirmisher (Gargoyle Berserker)            Turns: 4402, Time: 00:05:04

Health: -2/52      AC: 11    Str: 23    XL:     8   Next: 61%
Magic:  17/17      EV: 13    Int:  8    God:    Trog [***...]
Gold:   334        SH:  0    Dex:  9    Spells: 7/7 levels left

rFire    . . .     SeeInvis .   u - +1 war axe (vamp)
rCold    . . .     Gourm    .   (no shield)
rNeg     + . .     Faith    .   b - +0 animal skin
rPois    ∞         Spirit   .   B - +2 helmet
rElec    +         Reflect  .   (no cloak)
rCorr    .         Harm     .   (no gloves)
MR       .....                  (no boots)
Stlth    +.........             (no amulet)
HPRegen  0.17/turn              g - ring of magical power (curse)
MPRegen  0.15/turn              (no ring)

@: berserk cooldown, slowed, very slow
A: negative energy resistance 1, electricity resistance, unbreathing,
petrification resistance, rot immunity, AC +5
a: Berserk, Trog's Hand, Renounce Religion


You were on level 6 of the Dungeon.
You worshipped Trog.
Trog was most pleased with you.
You were very hungry.

You visited 2 branches of the dungeon, and saw 7 of its levels.

You collected 334 gold pieces.

Inventory:

Hand Weapons
 a - a +0 war axe
 u - a +1 vampiric war axe (weapon)
Armour
 b - a +0 animal skin (worn)
 B - a +2 helmet (worn)
Jewellery
 g - a cursed ring of magical power (left hand)
 x - a cursed amulet of inaccuracy {unknown}
Wands
 r - a wand of random effects (16)
Scrolls
 i - 7 scrolls of identify {unknown}
 j - 6 scrolls of teleportation {unknown}
 k - a scroll of fog {unknown}
 n - a scroll of noise {unknown}
 s - 3 scrolls of remove curse {unknown}
 t - a scroll of magic mapping {unknown}
 w - a scroll of immolation {unknown}
 y - a scroll of amnesia {unknown}
 z - a scroll of enchant armour {unknown}
Potions
 d - 3 potions of cancellation {unknown}
 e - 3 potions of ambrosia {unknown}
 f - 2 potions of flight {unknown}
 h - a potion of resistance {unknown}
 l - a potion of lignification {unknown}
 m - 2 potions of curing {unknown}
 o - a potion of might {unknown}
 p - a potion of agility
 q - a potion of invisibility {unknown}
 A - a potion of degeneration {unknown}
Comestibles
 c - 13 rations
 v - 5 chunks of flesh


   Skills:
 + Level 6.5 Fighting
 + Level 5.4 Axes
 + Level 5.9 Armour
 + Level 4.4 Dodging


You had 7 spell levels left.
You didn't know any spells.
Your spell library was empty.

Dungeon Overview and Level Annotations

Branches:
Dungeon (6/15)             Temple (1/1) D:5

Altars:
Dithmenos
Hepliaklqana
Xom


Innate Abilities, Weirdness & Mutations

You are resistant to torment.
Your stone body is resilient. (AC +5)
You are immune to poison.
You resist negative energy. (rN+)
You are resistant to electric shocks. (rElec)
You can survive without breathing.
You are immune to petrification.
You are immune to rotting.


Message History

You barely miss something.
You hear some strange, mumbled words.
A magic dart appears from out of thin air!
The magic dart hits you.
Something hits you but does no damage. x2
The orc warrior hits you with a cursed -3 scimitar.
You closely miss the orc warrior.
The orc warrior is almost dead.
You miss something. Something hits you. Something completely misses you.
The orc warrior completely misses you. Something hits you.
The orc warrior hits you with a cursed -3 scimitar!
* * * LOW HITPOINT WARNING * * *
You are too injured to fight recklessly!
You slash the orc warrior!
You kill the orc warrior!
Trog accepts your kill.
You completely miss something.
You hear some strange, mumbled words.
A puff of frost appears from out of thin air!
The puff of frost hits you.
You die...

#...... .......
....... .......
##....... #........
##){.....>
#)@....... ##
###.†#.....#
####..##....# ....#
.......<###...##.$#
.......## ####...##
....... #.. .......
# ....... .......


There were no monsters in sight!

Vanquished Creatures
  Pikel (D:6)
  Grinder (D:4)
  An orc warrior (D:6)
  A slave (D:6)
  A phantom (D:4)
  An ogre (D:5)
  A howler monkey (D:5)
  A bullfrog zombie (D:5)
  Ijyb (D:3)
  3 orc wizards
  2 worker ants
  5 adders
  A shadow imp (D:5)
  3 worms
  2 dart slugs (D:1)
  6 leopard geckos
  14 orcs
  A ball python (D:1)
  3 giant cockroaches
  6 goblins
  11 hobgoblins
  12 jackals
  12 kobolds
  3 quokkas
  9 bats
  7 frilled lizards
  A leopard gecko skeleton (D:5)
  5 rats
115 creatures vanquished.

Vanquished Creatures (others)
  2 slaves (D:6)
  An orc wizard (D:6)
3 creatures vanquished.

Grand Total: 118 creatures vanquished

Notes
Turn   | Place    | Note
-------+----------+-------------------------------------------
     0 | D:1      | Fang the Gargoyle Berserker began the quest for the Orb.
     0 | D:1      | Reached XP level 1. HP: 14/14 MP: 1/1
    86 | D:1      | Reached XP level 2. HP: 17/19 MP: 2/2
   406 | D:1      | Reached XP level 3. HP: 14/24 MP: 3/3
   497 | D:1      | Reached ** piety under Trog
  1156 | D:2      | Reached XP level 4. HP: 29/29 MP: 4/4
  1530 | D:2      | Reached skill level 4 in Fighting
  2231 | D:3      | Reached XP level 5. HP: 22/33 MP: 5/5
  2750 | D:3      | Noticed Ijyb
  2771 | D:3      | Killed Ijyb
  2771 | D:3      | Reached *** piety under Trog
  3096 | D:4      | Noticed Grinder
  3101 | D:4      | Killed Grinder
  3101 | D:4      | Reached XP level 6. HP: 40/40 MP: 6/6
  3294 | D:4      | Reached skill level 5 in Fighting
  3385 | D:4      | Noticed a phantom
  3419 | D:4      | Killed a phantom
  3419 | D:4      | Reached XP level 7. HP: 14/44 MP: 7/7
  3757 | D:5      | Entered Level 5 of the Dungeon
  3824 | D:5      | Found a staircase to the Ecumenical Temple.
  3850 | Temple   | Entered the Ecumenical Temple
  4299 | D:5      | Reached skill level 5 in Armour
  4369 | D:6      | Noticed Pikel
  4390 | D:6      | Killed Pikel
  4390 | D:6      | Reached skill level 6 in Fighting
  4390 | D:6      | Reached skill level 5 in Axes
  4390 | D:6      | Reached XP level 8. HP: 52/52 MP: 8/8
  4402 | D:6      | Killed from afar by an orc wizard

Levels and vault maps discovered:
D:1:      dpeg_arrival_pond, layout_basic, st_stairs_10
D:2:      minmay_recursive_quarters, layout_basic, first_ration
D:3:      layout_loops_ring, uniq_ijyb
D:4:      layout_rooms, grunt_ministairs_4, minivault_4, uniq_grinder
D:5:      layout_loops_cross, minmay_temple_entry_grid
D:6:      layout_cave_pods, uniq_blork_the_orc, uniq_edmund, uniq_pikel
Temple:   grunt_wide_crystal_templ

Skill      XL: |  1  2  3  4  5  6  7 |
---------------+----------------------+-----
Axes           | 3 4 5 |  5.4
Dodging        | 2 3 4 |  4.4
Armour         | 3 4 5 |  5.9
Fighting       | 4 5 6 |  6.5

Action                   |  1- 3 |  4- 6 |  7- 9 || total
-------------------------+-------+-------+-------++-------
Melee: Hand axe          |   114 |   127 |       ||   241
       War axe           |       |    68 |    92 ||   160
Invok: Berserk           |       |     4 |     1 ||     5
 Stab: Sleeping          |       |     1 |       ||     1
  Eat: Chunk             |     1 |    11 |     3 ||    15
Armor: Animal skin       |    42 |    79 |    43 ||   164
Dodge: Dodged            |    88 |   157 |    73 ||   318
